 Dungeon Crawl Stone Soup version 0.17.1-1-g73c8601 (webtiles) character file.

191 JustSomeDude the Skirmisher (level 5, -7/43 HPs)
             Began as a Demonspawn Abyssal Knight on Dec 21, 2015.
             Was a Believer of Lugonu.
             Mangled by an ogre
             ... wielding a cursed +0 giant club
              (14 damage)
             ... on level 3 of the Dungeon.
             The game lasted 00:06:11 (2192 turns).

JustSomeDude the Skirmisher (DsAK)                  Turns: 2192, Time: 00:06:11

Health: -7/43      AC:  9    Str: 13    XL:     5   Next: 42%
Magic:  5/6        EV: 11    Int: 13    God:    Lugonu [**....]
Gold:   147        SH:  0    Dex: 13    Spells: 0 memorised, 4 levels left

rFire  + . .     SeeInvis .     a - +1 hand axe
rCold  + . .     Clarity  .     m - +2 ring mail {rF+}
rNeg   . . .     SustAt   .     (no shield)
rPois  .         Gourm    .     (no helmet)
rElec  .         Spirit   .     (no cloak)
rCorr  .         Warding  .     n - +0 pair of gloves
rMut   .         Stasis   .     (no boots)
MR     .....                    (no amulet)
Stlth  +.........               (no ring)
                                (no ring)

@: not resistant to hostile enchantments, very unstealthy
A: rugged brown scales 1, cold resistance 1, freezing cloud immunity
a: Depart the Abyss, Bend Space, Renounce Religion


You were on level 3 of the Dungeon.
You worshipped Lugonu.
Lugonu was pleased with you.
You were full.

You visited 1 branch of the dungeon, and saw 4 of its levels.
You visited the Abyss 1 time.

You collected 147 gold pieces.

Inventory:

Hand Weapons
 a - a +1 hand axe (weapon)
Armour
 m - a +2 ring mail of fire resistance (worn)
 n - a +0 pair of gloves (worn)
Scrolls
 e - 3 scrolls of identify {unknown}
 f - a scroll of blinking {unknown}
 g - 5 scrolls of teleportation {unknown}
 h - a scroll of enchant weapon {unknown}
 i - 2 scrolls of remove curse {unknown}
 j - a scroll of random uselessness {unknown}
 p - 2 scrolls of amnesia {unknown}
 q - a scroll of enchant armour {unknown}
Potions
 b - a potion of magic
 l - a potion of heal wounds {unknown}
 s - a potion of poison {unknown}
Comestibles
 c - 2 bread rations
 k - a meat ration
 o - a beef jerky
 r - a slice of pizza


   Skills:
 + Level 4.1 Fighting
 + Level 2.7 Axes
 + Level 3.1 Armour
 + Level 2.2 Dodging
 + Level 2.6 Invocations


You had 4 spell levels left.
You didn't know any spells.

Dungeon Overview and Level Annotations

Branches:
Dungeon (4/15)
 Temple: D:4-7

Altars:
The Shining One


Innate Abilities, Weirdness & Mutations

You are partially covered in rugged brown scales (AC +1, +3% HP).
Your flesh is cold resistant.
You are immune to freezing clouds.


Message History

You hit the ogre.
The ogre is moderately wounded.
The ogre hits you with a giant club.
You barely miss the ogre.
The ogre is moderately wounded.
The ogre hits you with a giant club!!
* * * LOW HITPOINT WARNING * * *
Drink which item? (? for menu, Esc to quit)
You feel better. The ogre closely misses you.
You hit the ogre.
The ogre is moderately wounded.
The ogre hits you with a giant club!
* * * LOW HITPOINT WARNING * * *
Read which item? (? for menu, Esc to quit)
Okay, then.
Space bends around you!
You blink.
* * * LOW HITPOINT WARNING * * *
You feel slightly less full. The ogre hits you with a giant club!
You die...

###.....#.#....#.#.#.......#.#.##
#$#.....#.######.#.#.#####.#.#.#.
###.###.#........#.#...........#.
....# #.########.......###.#.....
.#### #....# #.......'......###
## ####.# ###.......#......#
####### #.# #.........#.........
......# #.# #.........#.....###.
......# ##'###..@...[.<......#
......# #.......O....#########
...>..# #............# #. ......#
#....>.##....# #.
......###.....ยง##....##### #.
............#####........# #.
##......##..# ##'##....# #.
#..........# #.##....# #.
#......#...# #.##....#######.


You could see an ogre.

Vanquished Creatures
  An iguana (D:3)
  5 adders
  7 gnolls
  3 worms
  2 giant geckos
  2 orcs (D:3)
  6 bats
  6 giant cockroaches
  6 goblins
  A hobgoblin (D:3)
  A kobold (D:3)
  4 giant newts
  A quokka (D:2)
  6 rats
51 creatures vanquished.

Notes
Turn   | Place    | Note
--------------------------------------------------------------
     0 | Abyss:1  | JustSomeDude the Demonspawn Abyssal Knight began the quest for the Orb.
     0 | Abyss:1  | Reached XP level 1. HP: 18/18 MP: 2/2
    89 | Abyss:1  | Noticed a small abomination
    90 | D:1      | Escaped the Abyss
   348 | D:1      | Gained mutation: Your flesh is cold resistant. [demonic ancestry]
   348 | D:1      | Reached XP level 2. HP: 18/24 MP: 3/3
   418 | D:1      | Reached skill level 1 in Dodging
   939 | D:2      | Reached ** piety under Lugonu
   939 | D:2      | Gained mutation: You are immune to freezing clouds. [demonic ancestry]
   939 | D:2      | Reached XP level 3. HP: 25/29 MP: 4/4
  1272 | D:2      | Gained mutation: You are partially covered in rugged brown scales (AC +1, +3% HP). [demonic ancestry]
  1272 | D:2      | Reached XP level 4. HP: 30/38 MP: 5/5
  1276 | D:2      | Found a glowing golden altar of the Shining One.
  1687 | D:3      | Reached skill level 4 in Fighting
  1693 | D:3      | Reached XP level 5. HP: 15/43 MP: 6/6
  2180 | D:4      | Noticed an ogre
  2192 | D:3      | Mangled by an ogre

Action                   |  1- 3 |  4- 6 || total
-------------------------+-------+-------++-------
Melee: Hand axe          |   105 |   128 ||   233
Invok: Bend Space        |       |     1 ||     1
  Use: Potion            |     8 |     1 ||     9
 Stab: Sleeping          |     1 |       ||     1
  Eat: Pizza             |     1 |       ||     1
       Bread ration      |       |     2 ||     2
